 Dungeon Crawl Stone Soup version 0.28.0-45-g0d030f2227 (webtiles) character file.

Game seed: 223238145211117847

3 boopmooplesden the Slasher (level 1, 0/20 HPs)
             Began as a Minotaur Berserker on Apr 4, 2022.
             Was a Follower of Trog.
             Slain by a kobold
             ... wielding a +0 dagger
              (2 damage)
             ... on level 1 of the Dungeon.
             The game lasted 00:00:12 (117 turns).

boopmooplesden the Slasher (Minotaur Berserker)      Turns: 117, Time: 00:00:13

Health: 0/20       AC:  2    Str: 21    XL:     1   Next: 41%
Magic:  0/0        EV: 12    Int:  4    God:    Trog [*.....]
Gold:   7          SH:  0    Dex:  9    Spells: 0/0 levels left

rFire   . . .      SeeInvis .   c - +0 halberd
rCold   . . .      Faith    .   (shield currently unavailable)
rNeg    . . .      Spirit   .   b - +0 animal skin
rPois   .          Reflect  .   (helmet restricted)
rElec   .          Harm     .   (no cloak)
rCorr   .          Rampage  .   (no gloves)
Will    .....                   (no boots)
Stlth   +.........              (no amulet)
HPRegen 0.06/turn               (no ring)
MPRegen 0.07/turn               (no ring)

@: no status effects
A: horns 2, retaliatory headbutt
a: Renounce Religion, Berserk


You were on level 1 of the Dungeon.
You worshipped Trog.
Trog was aware of your devotion.
You visited 1 branch of the dungeon, and saw 1 of its levels.

You collected 7 gold pieces.

Inventory:

Hand Weapons
 a - a +0 falchion
 c - a +0 halberd (weapon)
Armour
 b - a +0 animal skin (worn)
Potions
 d - a potion of lignification {unknown}


   Skills:
 + Level 3.7 Fighting
 + Level 3.7 Long Blades
 + Level 2.4 Armour
 + Level 2.2 Dodging


You couldn't memorise any spells.
You didn't know any spells.
Your spell library was empty.

Dungeon Overview and Level Annotations

Branches:
Dungeon (1/15)

Altars:


Innate Abilities, Weirdness & Mutations

You have a pair of horns on your head.
You reflexively headbutt those who attack you in melee.


Message History

There is an open door here.
You barely miss the ball python. The ball python closely misses you.
The ball python grabs you. The ball python constricts you.
You closely miss the ball python. The ball python bites you.
The ball python constricts you. The ball python closely misses you.
The ball python constricts you. The kobold closely misses you.
You barely miss the ball python. Your headbutt misses the ball python.
The ball python bites you. The ball python constricts you.
The kobold closely misses you. The ball python barely misses you.
The ball python constricts you. The kobold hits you with a +0 dagger.
You barely miss the ball python.
You headbutt the ball python, but do no damage.
The ball python bites you. The ball python constricts you.
The kobold hits you but does no damage. The ball python bites you.
The ball python constricts you.
You closely miss the kobold. Your headbutt misses the kobold.
The kobold hits you with a +0 dagger. The ball python barely misses you.
You furiously retaliate!
You headbutt the ball python!
You kill the ball python!
Trog accepts your kill. The kobold hits you with a +0 dagger.
You barely miss the kobold. The kobold hits you with a +0 dagger.
You barely miss the kobold. Your headbutt misses the kobold.
The kobold hits you with a +0 dagger.
* * * LOW HITPOINT WARNING * * *
The kobold closely misses you.
You closely miss the kobold. The kobold barely misses you.
You closely miss the kobold. Your headbutt misses the kobold.
The kobold hits you but does no damage. x2
You barely miss the kobold. Your headbutt misses the kobold.
The kobold hits you with a +0 dagger.
* * * LOW HITPOINT WARNING * * *
You closely miss the kobold. The kobold hits you with a +0 dagger.
* * * LOW HITPOINT WARNING * * *
The kobold misses you.
You closely miss the kobold. The kobold misses you.
You barely miss the kobold. You headbutt the kobold.
The kobold is moderately wounded.
The kobold hits you with a +0 dagger.
You die...

#..#.#
#..#.#####+##
..#.#......# #
#.#.#......#.#
#...#......#.
#...+.......
#..##......#
#...#...K†.#
#.#.# #@#
#.#.## #.#
#.#..# #.#
#.##.## #.#
#.##..# #.#
#.###.###.#
##'###..##.#
#...###.##.#
#...###..#†###


You could see a kobold.

Vanquished Creatures
  An endoplasm (D:1)
  A hobgoblin (D:1)
  A ball python (D:1)
3 creatures vanquished.

Notes
Turn   | Place    | Note
-------+----------+-------------------------------------------
     0 | D:1      | boopmooplesden the Minotaur Berserker began the quest for
                  | the Orb.
     0 | D:1      | Reached XP level 1. HP: 19/19 MP: 0/0
   117 | D:1      | Slain by a kobold

Illustrated notes

Levels and vault maps discovered:
D:1:      wheals_arrival_linesprint, layout_basic

Action                   || total
-------------------------++-------
Melee: Halberd           ||    15
       Headbutt          ||     3
Armor: Animal skin       ||     3
Dodge: Dodged            ||    13
